 Dungeon Crawl Stone Soup version 0.31-a0-210-gccc998df9b (webtiles) character file.

Game seed: 4179158591562204138

67 qw the Chopper (level 4, 0/28 HPs)
             Began as a Gargoyle Fighter on June 29, 2023.
             Killed by divine providence
             ... invoked by an orc priest
              (11 damage)
             ... on level 3 of the Dungeon.
             The game lasted 00:00:51 (1679 turns).

qw the Chopper (Gargoyle Fighter)                   Turns: 1679, Time: 00:00:51

Health: 0/28       AC: 10    Str: 28    XL:     4   Next: 16%
Magic:  4/4        EV:  7    Int:  8    God:
Gold:   62         SH: 11    Dex:  9    Spells: 3/3 levels left

rFire   . . .        Y - +0 war axe
rCold   . . .        g - +0 tower shield
rNeg    + . .        b - +0 scale mail
rPois   inf          (no helmet)
rElec   +            (no cloak)
rCorr   .            (no gloves)
SInv    .            (no boots)
Will    +....        (no amulet) Stlth
                     f - ring of willpower
HPRegen 0.24/turn    m - +6 ring of strength
MPRegen 0.09/turn

%: no passive effects
@: no status effects
A: sickness immunity, AC +3, negative energy resistance 1, electricity
resistance, torment resistance 1, petrification resistance
a: no special abilities


You were on level 3 of the Dungeon.
You visited 1 branch of the dungeon, and saw 3 of its levels.

You collected 62 gold pieces.


Innate Abilities, Weirdness & Mutations

You are immune to sickness and miasma.
Your stone body is resilient. (AC +3)
You are immune to poison.
You resist negative energy. (rN+)
You are resistant to electric shocks. (rElec)
You are resistant to unholy torment.
You are immune to petrification.


   Skills:
 - Level 3.2 Fighting
 - Level 3.9 Axes
 - Level 3.2 Armour
 + Level 3.3 Shields


You had 3 spell levels left.
You didn't know any spells.
Your spell library was empty.

Inventory:

Hand Weapons
 k - a +0 flail
 Y - a +0 war axe (weapon)
Armour
 b - a +0 scale mail (worn)
 g - a +0 tower shield (worn)
Jewellery
 f - a ring of willpower (left hand)
 m - a +6 ring of strength (right hand)
Scrolls
 a - 3 scrolls of teleportation
 h - a scroll of identify
Potions
 d - a potion of might
 e - a potion of lignification
 i - a potion of heal wounds
 j - a potion of attraction {unknown}
 l - a potion of curing {unknown}

Dungeon Overview and Level Annotations

Branches:
Dungeon (3/15)

Altars:
Qazlal

Shops:
D:1 :


Message History

You feel stronger.
m - a +6 ring of strength (right hand) Done exploring.
1644 ||| DRINKING 2 metallic puce potions.
It was a potion of heal wounds.
You feel much better.
Done exploring.
1645 ||| DRINKING 2 yellow potions.
It was a potion of invisibility.
You fade into invisibility!
Done exploring.
1646 ||| READING 2 scrolls of identify.
As you read the scroll of identify, it crumbles to dust.
e - a potion of lignification;
1646 ||| IDENTIFYING amethyst potion Done exploring.
1647 ||| DROPPING potion of invisibility.
You drop a potion of invisibility.
Done exploring.
(D) Dungeon
Where to? (* - list waypoints, Enter - D:2, ? - help)
What level of the Dungeon? (default 1, ? - help)
You flicker for a moment.
You flicker back into view.
There is a stone staircase leading down here.
You climb downwards.
You hear the sound of rushing water.
There is an entrance to a sewer on this level.
Hurry and find it before the portal rusts away!
The orc priest shouts!
The orc shouts!
There is a stone staircase leading up here.
There are monsters nearby!
Waypoint 2 assigned to D:3.
1677 ||| PLANNING SEWER You slash the orc!
You kill the orc!
The orc priest invokes the aid of Beogh against you.
Beogh smites you!
Ouch! That really hurt!
You hit the orc priest but do no damage.
The orc priest hits you with a +0 hand axe.
The orc priest mumbles some strange prayers to Beogh against you.
Beogh smites you!
You die...

### # ..#
.# #.##.#
######.#..#
#........#
######<..#
#..oo@.#.#
#....### #
......o
#......
#......
#......
#.##.## #.
#.


You could see 2 orc priests and an orc.

Vanquished Creatures
  2 adders (D:2)
  An orc (D:3)
  3 ball pythons
  A bat (D:1)
  7 endoplasms
  2 giant cockroaches (D:1)
  4 goblins (D:1)
  5 hobgoblins
  4 jackals (D:2)
  4 kobolds
  2 quokkas (D:1)
  2 frilled lizards (D:1)
  3 rats
40 creatures vanquished.

Notes
Turn   | Place    | Note
-------+----------+-------------------------------------------
     0 | D:1      | qw the Gargoyle Fighter began the quest for the Orb.
     0 | D:1      | Reached XP level 1. HP: 14/14 MP: 1/1
     0 | D:1      | 0 ||| qw: Version: 0.3-a-24-ga2abf7b
     0 | D:1      | 0 ||| qw: Game counter: 6970
     0 | D:1      | 0 ||| qw: Melee chars always use a shield: true
     0 | D:1      | 0 ||| qw: God list: Okawaru
     0 | D:1      | 0 ||| qw: Allow faded altars: false
     0 | D:1      | 0 ||| qw: Do Orc after clearing Dungeon:15 true
     0 | D:1      | 0 ||| qw: Do second Lair branch before Depths: true
     0 | D:1      | 0 ||| qw: Lair rune preference: random
     0 | D:1      | 0 ||| qw: Goals: Normal, Zot:1-4, Slime:5, God:TSO, Crypt,
                  | Tomb, Abyss, Pan, Hells, Win
     0 | D:1      | 0 ||| PLANNING D:1-11
    99 | D:1      | Found Goitaqem's Book Shop.
   132 | D:1      | Reached XP level 2. HP: 19/19 MP: 2/2
   230 | D:1      | 230 ||| Stepping ~*~*~tactically~*~*~ (stealth).
   231 | D:1      | 231 ||| Stepping ~*~*~tactically~*~*~ (stealth).
   232 | D:1      | 232 ||| Stepping ~*~*~tactically~*~*~ (stealth).
   233 | D:1      | 233 ||| Stepping ~*~*~tactically~*~*~ (stealth).
   250 | D:1      | 250 ||| DROPPING +0 club.
   403 | D:1      | Reached skill level 3 in Axes
   409 | D:1      | 409 ||| Stepping ~*~*~tactically~*~*~ (stealth).
   416 | D:1      | Reached XP level 3. HP: 23/23 MP: 3/3
   699 | D:1      | 699 ||| DROPPING +0 whip.
   970 | D:1      | 970 ||| READING 3 scrolls labelled QIELUXK KAKHLOU.
   974 | D:1      | 974 ||| READING 3 scrolls labelled CYKEHY TASHRISO.
   975 | D:1      | 975 ||| READING scroll labelled ROCLAR KOYJ.
   976 | D:1      | 976 ||| READING 2 scrolls labelled ORESYG TUCVUIST.
   977 | D:1      | 977 ||| DROPPING 2 scrolls of revelation.
   978 | D:1      | 978 ||| DROPPING scroll of noise.
  1013 | D:2      | 1013 ||| Stepping ~*~*~tactically~*~*~ (stealth).
  1167 | D:2      | Reached XP level 4. HP: 28/28 MP: 4/4
  1178 | D:2      | 1178 ||| Stepping ~*~*~tactically~*~*~ (stealth).
  1179 | D:2      | 1179 ||| Stepping ~*~*~tactically~*~*~ (stealth).
  1180 | D:2      | 1180 ||| Stepping ~*~*~tactically~*~*~ (stealth).
  1181 | D:2      | 1181 ||| Stepping ~*~*~tactically~*~*~ (stealth).
  1320 | D:2      | Found a stormy altar of Qazlal.
  1631 | D:2      | 1631 ||| UPGRADING to +0 tower shield.
  1641 | D:2      | 1641 ||| DROPPING +0 buckler.
  1642 | D:2      | 1642 ||| UPGRADING to ring of willpower.
  1643 | D:2      | 1643 ||| UPGRADING to +6 ring of strength.
  1644 | D:2      | 1644 ||| DRINKING 2 metallic puce potions.
  1645 | D:2      | 1645 ||| DRINKING 2 yellow potions.
  1646 | D:2      | 1646 ||| READING 2 scrolls of identify.
  1646 | D:2      | 1646 ||| IDENTIFYING amethyst potion
  1647 | D:2      | 1647 ||| DROPPING potion of invisibility.
  1677 | D:3      | 1677 ||| PLANNING SEWER
  1679 | D:3      | Killed from afar by an orc priest

Levels and vault maps discovered:
D:1:      dpeg_arrival_concentric_ovals, layout_basic, serial_shops, shop
D:2:      layout_loops_cross, basic_altar, hex_large
D:3:      layout_basic, kiku_gazebo_garden_becter, serial_shops, shop_fountains,
          gammafunk_ghost_necromancy, lightli_sewer_entry_pipes

Skill      XL: |  1  2 |
---------------+-------+-----
Axes           | 2 3 |  3.9
Fighting       | |  3.2
Armour         | |  3.2
Shields        | |  3.3

Action                     |  1- 3 |  4- 6 || total
---------------------------+-------+-------++-------
  Melee: War axe           |   105 |    12 ||   117
    Use: Scroll            |     4 |     1 ||     5
         Potion            |       |     2 ||     2
 Armour: Scale mail        |    59 |     1 ||    60
  Dodge: Dodged            |    62 |     1 ||    63
  Block: Buckler           |    19 |     1 ||    20

Table legend:
 A = Non-vault XP
 B = Vault XP
 C = Vault XP percentage of total XP
 D = Non-vault monster count
 E = Vault monster count
 F = Vault count percentage of total count
                 A         B        C        D         E       F
            +---------+---------+-------+---------+---------+-------
      Total |      96 |       0 |   0.0 |      40 |       0 |   0.0
            +---------+---------+-------+---------+---------+-------
        D:1 |      44 |       0 |   0.0 |      25 |       0 |   0.0
        D:2 |      49 |       0 |   0.0 |      14 |       0 |   0.0
        D:3 |       3 |       0 |   0.0 |       1 |       0 |   0.0
            +---------+---------+-------+---------+---------+-------
